 Dungeon Crawl Stone Soup version 0.31-a0-618-g7ca08c1ff9 (webtiles) character file.

Game seed: 470716281297752459

533 spiderkeys the Changeling (level 7, -5/47 HPs)
             Began as an Octopode Shapeshifter on Aug 22, 2023.
             Slain by a killer bee (9 damage)
             ... on level 5 of the Dungeon.
             The game lasted 00:04:34 (3332 turns).

spiderkeys the Changeling (Octopode Shapeshifter)   Turns: 3332, Time: 00:04:34

Health: -5/47      AC:  1    Str: 14    XL:     7   Next: 24%
Magic:  7/7        EV: 14    Int: 10    God:
Gold:   287        SH:  0    Dex: 15    Spells: 6/6 levels left

rFire   + . .        k - +2 dagger (flame)
rCold   . . .        (no shield)
rNeg    . . .        (helmet currently unavailable)
rPois   .            (no amulet)
rElec   .            l - ring of willpower
rCorr   .            F - ring of protection from fire
SInv    .            (no ring)
Will    +....        (no ring)
Stlth   ++           (no ring)
HPRegen 0.27/turn    (no ring)
MPRegen 0.10/turn    (no ring)
                     (no ring)

%: no passive effects
@: lethally poisoned (-5 -> -15), beast-form
A: beast (slay +2), almost no armour, amphibious, 8 rings, camouflage 1,
gelatinous body 1, (nimble swimmer 1), tentacles
a: Begin Untransformation


You were on level 5 of the Dungeon.
You were a hulking beast.
You visited 1 branch of the dungeon, and saw 5 of its levels.

You collected 287 gold pieces.


Innate Abilities, Weirdness & Mutations

You are a hulking beast.
Your limbs bulge with bestial killing power. (Slay +2)
You cannot wear most types of armour.
You are amphibious.
You can wear up to eight rings at the same time.
Your skin changes colour to match your surroundings (Stealth+).
Your rubbery body absorbs attacks. (AC +1, EV +1)
((You are camouflaged when in or above water. (Stealth+)))
You have tentacles for arms and can constrict up to eight enemies at once.


   Skills:
 + Level 3.7 Fighting
 - Level 2.6 Short Blades
 + Level 4.1 Dodging
 + Level 3.6 Unarmed Combat
 + Level 4.5 Shapeshifting


You had 6 spell levels left.
You didn't know any spells.
Your spell library contained the following spells:

 Spells                   Type           Power      Damage    Failure   Level
 Necrotise                Necr           0%         1d4       36%         1
 Shock                    Conj/Air       0%         1d3       36%         1
 Swiftness                Air            0%         N/A       75%         3
 Vampiric Draining        Necr           0%         2d6       75%         3
 Airstrike                Air            0%         2d(0-16)  98%         4
 Manifold Assault         Tloc           0%         N/A       98%         4
 Agony                    Necr           0%         N/A       100%        5
 Dispersal                Tloc           0%         N/A       100%        6
 Disjunction              Tloc           0%         N/A       100%        8

Inventory:

Hand Weapons
 k - a +2 dagger of flaming (weapon)
   (You took it off a goblin on level 1 of the Dungeon)
Missiles
 h - 37 stones
 n - 13 poisoned darts
 t - 3 boomerangs
 v - 4 throwing nets {=f!f}
Jewellery
 l - a ring of willpower (left tentacle)
   (You found it on level 1 of the Dungeon)
 F - a ring of protection from fire (right tentacle)
   (You found it on level 3 of the Dungeon)
Talismans
 b - a beast talisman (active)
 c - a flux talisman
 u - a storm talisman
   (You found it on level 3 of the Dungeon)
Scrolls
 e - a scroll of poison {!r}
 f - a scroll of fear
 m - a scroll of immolation {!r!r}
 o - a scroll of vulnerability {!r!r}
 q - a scroll of enchant armour
 r - 2 scrolls of revelation
 w - a scroll of fog {unknown}
Potions
 a - a potion of lignification {!q}
 d - a potion of ambrosia {unknown}
 g - a potion of curing {@q1}
 i - a potion of magic {unknown}
 j - a potion of might {unknown}
 p - 2 potions of brilliance {unknown}
 s - a potion of resistance {unknown}

Dungeon Overview and Level Annotations

Branches:
Dungeon (5/15) Zot: 26681
 Temple: D:4-7

Altars:

Shops:
D:4

! #.......#####
#####.#...†.....#
#.............#.##...#
#.####......#.#.##...##
#.........#.#.##...##
#.#.....#.#.#.##...##
#.....###.#.#.##.<.## .
#..y..).#.#.#.##...##
...
#..yh.#.#.#.#.##...##
.....#..yo.#.#
#.##...##
....(.)....#.#
#........
....f#.....#..
####...#.
...>.#.....### #####.
... ###..... #. #######
#. #. #.


You could see a sleepcap, 3 killer bees and an orc.


Message History

You barely miss the quokka. You grab the quokka. You squeeze the quokka!
You kill the quokka!
No target in view!
No target in view!
No target in view!
You see here a quokka corpse.
g - 3 viscous brown potions (gained 1)
An orc wizard and 2 orcs come into view.
There are monsters nearby!
There are monsters nearby!
There are monsters nearby!
Found a stone staircase leading down.
The orc attacks as it pursues you! The orc completely misses you.
An orc is nearby!
You hit the orc. You burn the orc. Your grab misses the orc.
The orc barely misses you.
You hit the orc but do no damage. You grab the orc.
You constrict the orc, but do no damage.
The orc closely misses you.
You puncture the orc! You burn the orc.
You kill the orc! 😎 HP[+1]
You now have 47 max hp (+1).
Your hp is fully restored (47).
No target in view!
No target in view!
No target in view!
Things that are here:
a +0 dagger; a +0 scale mail A killer bee and an orc wizard come into view.
The orc wizard shouts!
You hear an angry buzzing noise. x2
A killer bee comes into view. x2
The killer bee buzzes angrily. x2; The orc wizard shouts!
The orc wizard points at you and mumbles some strange words.
You resist with almost no effort.
The orc shouts!
The killer bee buzzes angrily.
You closely miss the orc wizard. You grab the orc wizard.
You squeeze the orc wizard. You constrict the orc wizard.
The orc wizard mumbles some strange words.
The orc wizard flickers and vanishes!
Deactivating autopickup; reactivate with Ctrl-A.
The orc wizard completely misses you.
You hit the orc wizard. You burn the orc wizard.
You squeeze the orc wizard, but do no damage.
You constrict the orc wizard, but do no damage.
The orc wizard hits you with a +0 dagger.
The orc barely misses you. 😕 HP[-1]
You take 1 damage, and now have 46/47 hp.
You completely miss the orc wizard. Your squeeze misses the orc wizard.
You constrict the orc wizard. The killer bee stings you. The orc misses you.
The orc wizard hits you with a +0 dagger.
A sleepcap comes into view. 😕 HP[-3]
You take 3 damage, and now have 43/47 hp.
You hit the orc wizard but do no damage.
You constrict the orc wizard.
You kill the orc wizard!
The killer bee stings you!
You are poisoned.
The killer bee poisons you! 😮 HP[-8]
You take 8 damage, and now have 35/47 hp.
You feel sick. The killer bee completely misses you.
The killer bee closely misses you. The killer bee stings you.
You are more poisoned.
The killer bee poisons you! 😮 HP[-7]
You take 7 damage, and now have 28/47 hp.
You feel very sick. The killer bee stings you!
* * * LOW HITPOINT WARNING * * *
The killer bee completely misses you. The orc attacks as it pursues you!
The orc misses you. 😨 HP[-13]
You take 13 damage, and now have 15/47 hp.
MASSIVE DAMAGE!! (PAUSE) It was a potion of curing.
You feel better. The killer bee closely misses you. The killer bee stings you.
* * * LOW HITPOINT WARNING * * *
You are poisoned.
The killer bee poisons you! The killer bee closely misses you.
The killer bee stings you.
* * * LOW HITPOINT WARNING * * *
The killer bee stings you.
* * * LOW HITPOINT WARNING * * *
You are lethally poisoned!
The killer bee poisons you!
The killer bee barely misses you. 😨 HP[-2]
You take 2 damage, and now have 13/47 hp.
Okay, then.
You feel better. The killer bee completely misses you.
The killer bee barely misses you. x2; The killer bee stings you!
* * * LOW HITPOINT WARNING * * *
The orc hits you with a +0 club.
* * * LOW HITPOINT WARNING * * *
The killer bee stings you!
* * * LOW HITPOINT WARNING * * *
You are lethally poisoned!
The killer bee poisons you! The killer bee stings you!
You die...

Skill      XL: |  1  2  3  4  5  6  7 |
---------------+----------------------+-----
Fighting       | 2 3 |  3.7
Short Blades   | 1 2 |  2.6
Dodging        | 3 4 |  4.1
Shapeshifting  | 4 |  4.5
Unarmed Combat | |  3.6

Action                     |  1- 3 |  4- 6 |  7- 9 || total
---------------------------+-------+-------+-------++-------
  Melee: Unarmed           |    31 |       |       ||    31
         Constrict         |    13 |    21 |     9 ||    43
         Tentacles         |     8 |    18 |    10 ||    36
         Dagger            |    29 |    78 |    30 ||   137
         Punch             |     1 |       |       ||     1
    Use: Scroll            |       |     6 |       ||     6
         Potion            |       |       |     2 ||     2
   Stab: Sleeping          |     8 |     8 |     1 ||    17
 Armour: Skin              |     2 |     4 |       ||     6
  Dodge: Dodged            |    32 |    28 |    26 ||    86

Levels and vault maps discovered:
D:1:      onia_arrival_pentagram, layout_basic
D:2:      layout_basic, serial_undead, serial_undead_e, serial_undead_b,
          serial_undead_d, serial_undead_d, kennysheep_potato
D:3:      minmay_door_path, layout_basic, hangedman_feature_mirror,
          chequers_garden, uniq_grinder
D:4:      layout_loops_ring, serial_shops, nicolae_shop_industrial_runoff,
          chequers_serial_rivers_marsh, kennysheep_dice
D:5:      layout_basic, pdpol_wu_jian_five_deadly_venoms, serial_shops, shop,
          uniq_edmund

Notes
Turn   | Place    | Note
-------+----------+-------------------------------------------
     0 | D:1      | spiderkeys the Octopode Shapeshifter began the quest for
                  | the Orb.
     0 | D:1      | Reached XP level 1. HP: 13/13 MP: 1/1
     0 | D:1      | magus.rc [v1.11.6]
    91 | D:1      | Reached XP level 2. HP: 9/18 MP: 2/2
   441 | D:1      | Reached XP level 3. HP: 18/23 MP: 3/3
   681 | D:1      | You add the spells Manifold Assault, Dispersal and
                  | Disjunction to your library.
  1069 | D:2      | Reached XP level 4. HP: 29/29 MP: 4/4
  1072 | D:2      | Reached skill level 2 in Fighting
  1105 | D:2      | Reached skill level 1 in Short Blades
  1126 | D:2      | You add the spells Necrotise, Vampiric Draining and Agony
                  | to your library.
  1774 | D:3      | You fall into a shaft and drop 1 floor!
  1834 | D:4      | Found Lumet's Distillery.
  1884 | D:4      | Reached skill level 3 in Dodging
  1884 | D:4      | Reached XP level 5. HP: 26/35 MP: 5/5
  2152 | D:3      | Noticed Grinder
  2153 | D:3      | Paralysed by Grinder for 2 turns
  2159 | D:3      | HP: 8/35 [Grinder (1)]
  2162 | D:3      | Killed Grinder
  2163 | D:3      | Reached skill level 3 in Fighting
  2163 | D:3      | Reached skill level 2 in Short Blades
  2163 | D:3      | Reached skill level 4 in Shapeshifting
  2163 | D:3      | Reached XP level 6. HP: 10/42 MP: 6/6
  2833 | D:4      | Reached XP level 7. HP: 46/46 MP: 7/7
  3036 | D:4      | Reached skill level 4 in Dodging
  3164 | D:4      | You add the spells Shock, Swiftness and Airstrike to your
                  | library.
  3267 | D:5      | Entered Level 5 of the Dungeon
  3332 | D:5      | HP: 4/47 [killer bee (8)]
  3332 | D:5      | Slain by a killer bee

Vanquished Creatures
  Grinder (D:3)
  A jelly (D:4)
  2 hounds (D:4)
  A sleepcap (D:4)
  An iguana (D:4)
  An orc wizard (D:5)
  3 gnolls (D:4)
  5 adders
  A white imp (D:4)
  An adder zombie (D:2)
  2 worms (D:3)
  3 dart slugs
  2 orcs
  3 bats
  6 endoplasms
  A giant cockroach (D:3)
  8 goblins
  7 hobgoblins
  3 jackals (D:2)
  9 quokkas
  10 ball pythons
  A ball python zombie (D:2)
  6 frilled lizards
  4 kobolds
  6 rats
88 creatures vanquished.

Table legend:
 A = Non-vault XP
 B = Vault XP
 C = Vault XP percentage of total XP
 D = Non-vault monster count
 E = Vault monster count
 F = Vault count percentage of total count
                 A         B        C        D         E       F
            +---------+---------+-------+---------+---------+-------
      Total |     446 |     316 |  41.5 |      74 |      14 |  15.9
            +---------+---------+-------+---------+---------+-------
        D:1 |      39 |       0 |   0.0 |      23 |       0 |   0.0
        D:2 |      68 |      12 |  15.0 |      21 |       5 |  19.2
        D:3 |      18 |     300 |  94.3 |       7 |       7 |  50.0
        D:4 |     283 |       4 |   1.4 |      20 |       2 |   9.1
        D:5 |      38 |       0 |   0.0 |       3 |       0 |   0.0
            +---------+---------+-------+---------+---------+-------

Skill      XL: |  1  2  3  4  5  6  7 |
---------------+----------------------+-----
Fighting       | 2 3 |  3.7
Short Blades   | 1 2 |  2.6
Dodging        | 3 4 |  4.1
Shapeshifting  | 4 |  4.5
Unarmed Combat | |  3.6

Action                     |  1- 3 |  4- 6 |  7- 9 || total
---------------------------+-------+-------+-------++-------
  Melee: Unarmed           |    31 |       |       ||    31
         Constrict         |    13 |    21 |     9 ||    43
         Tentacles         |     8 |    18 |    10 ||    36
         Dagger            |    29 |    78 |    30 ||   137
         Punch             |     1 |       |       ||     1
    Use: Scroll            |       |     6 |       ||     6
         Potion            |       |       |     2 ||     2
   Stab: Sleeping          |     8 |     8 |     1 ||    17
 Armour: Skin              |     2 |     4 |       ||     6
  Dodge: Dodged            |    32 |    28 |    26 ||    86

Illustrated notes

Table legend:
 A = Kills in this place as a percentage of kills in the entire game.
 B = Kills by you in this place as a percentage of kills by you in the entire game.
 C = Kills by friends in this place as a percentage of kills by friends in the entire game.
 D = Other kills in this place as a percentage of other kills in the entire game.
 E = Experience gained in this place as a percentage of experience gained in the entire game.
 F = Experience gained in this place divided by the number of levels of this place that you have seen.
                   A       B       C       D       E      F
               +-------+-------+-------+-------+-------+----------------------
         Total | 100.0 | 100.0 |   N/A |   N/A | 100.0 | 152.4
       Dungeon | 100.0 | 100.0 |   N/A |   N/A | 100.0 | 152.4
               +-------+-------+-------+-------+-------+----------------------

Table legend: (Time is in decaauts)
 A = Elapsed time spent in this place.
 B = Non-inter-level travel time spent in this place.
 C = Inter-level travel time spent in this place.
 D = Time resting spent in this place.
 E = Time spent auto-exploring this place.
 F = Levels seen in this place.
 G = Mean time per level.
                   A        B        C        D        E       F      G
               +--------+--------+--------+--------+--------+-----+--------+
         Total |   3317 |   3119 |    198 |      2 |   2619 |   5 |  663.4 |
       Dungeon |   3317 |   3119 |    198 |      2 |   2619 |   5 |  663.4 |
               +--------+--------+--------+--------+--------+-----+--------+

Top non-repeatable levels by time:
     D:4: 868 daAuts
     D:3: 850 daAuts
     D:1: 818 daAuts
     D:2: 716 daAuts
     D:5: 63 daAuts
